 Dungeon Crawl Stone Soup version 0.26.0-10-g1f06aea511 (webtiles) character file.

Game seed: 14399214456714076406

133 Borgoz the Skirmisher (level 5, -2/49 HPs)
             Began as a Gargoyle Berserker on Jan 15, 2021.
             Was a Believer of Trog.
             Hit by a boomerang thrown by an orc (4 damage)
             ... on level 3 of the Dungeon.
             The game lasted 00:03:19 (2365 turns).

Borgoz the Skirmisher (Gargoyle Berserker)          Turns: 2365, Time: 00:03:20

Health: -2/49      AC:  6    Str: 16    XL:     5   Next: 16%
Magic:  5/5        EV: 11    Int:  8    God:    Trog [**....]
Gold:   98         SH:  3    Dex: 10    Spells: 4/4 levels left

rFire    . . .     SeeInvis +   a - +0 mace
rCold    . . .     Faith    .   g - +0 buckler
rNeg     + . .     Spirit   .   b - +0 animal skin
rPois    ∞         Reflect  .   (no helmet)
rElec    +         Harm     .   (no cloak)
rCorr    .         Rampage  .   (no gloves)
Will     .....                  (no boots)
Stlth    ..........             (no amulet)
HPRegen  0.16/turn              f - ring of see invisible
MPRegen  0.09/turn              l - -4 ring of strength (curse)

@: berserking, very quick
A: negative energy resistance 1, electricity resistance, unbreathing,
petrification resistance, miasma immunity, AC +4
a: Renounce Religion, Berserk, Trog's Hand


You were on level 3 of the Dungeon.
You worshipped Trog.
Trog was pleased with you.
You visited 1 branch of the dungeon, and saw 3 of its levels.

You collected 98 gold pieces.

Inventory:

Hand Weapons
 a - a +0 mace (weapon)
Missiles
 k - 2 throwing nets
Armour
 b - a +0 animal skin (worn)
 g - a +0 buckler (worn)
Jewellery
 f - a ring of see invisible (left hand)
 j - an uncursed ring of positive energy
 l - a cursed -4 ring of strength (right hand)
Scrolls
 c - a scroll of magic mapping
Potions
 d - 2 potions of haste
 e - 2 potions of degeneration {unknown}
 h - a potion of might {unknown}
 i - a potion of invisibility {unknown}


   Skills:
 + Level 4.1 Fighting
 + Level 3.8 Maces & Flails
 + Level 3.4 Armour
 + Level 2.4 Dodging


You had 4 spell levels left.
You didn't know any spells.
Your spell library was empty.

Dungeon Overview and Level Annotations

Branches:
Dungeon (3/15)

Altars:
Dithmenos
Hepliaklqana


Innate Abilities, Weirdness & Mutations

You are resistant to torment.
Your stone body is resilient. (AC +4)
You are immune to poison.
You resist negative energy. (rN+)
You are resistant to electric shocks. (rElec)
You can survive without breathing.
You are immune to petrification.
You are immune to miasma.


Message History

The magic dart hits you!
* * * LOW HITPOINT WARNING * * *
The jackal bites you but does no damage.
The jackal misses you.
The orc throws a boomerang.
The boomerang completely misses the orc wizard.
The boomerang closely misses you.
The weapon returns to the orc!
You thump the orc wizard!
You kill the orc wizard!
Trog accepts your kill.
Trog appreciates your killing of a magic user.
The jackal misses you. The orc hits you but does no damage.
The jackal bites you but does no damage.
You have reached level 5!
You thump the orc!
You feel the power of Trog in you as your rage grows.
You kill the orc!
Trog accepts your kill.
The jackal closely misses you. x2; The orc throws a boomerang.
The boomerang hits you.
You die...

.... .. .(..
.. #......
.....#.##
...o...##
.oh#..#
#h##S##
#h@?o.######
####.!.....#
#.......#
#.....<.#
#.......#
#.......#
#.......#
#..>)...#
#########


You could see an adder, 3 orcs and 3 jackals.

Vanquished Creatures
  An orc wizard (D:3)
  A gnoll (D:1)
  3 adders
  An ooze (D:1)
  4 worms (D:2)
  2 dart slugs (D:2)
  A leopard gecko (D:1)
  2 orcs (D:3)
  A ball python (D:1)
  3 bats
  A giant cockroach (D:2)
  11 goblins
  9 hobgoblins
  A jackal (D:3)
  A quokka (D:2)
  3 frilled lizards
  4 kobolds
  4 rats
53 creatures vanquished.

Notes
Turn   | Place    | Note
-------+----------+-------------------------------------------
     0 | D:1      | Borgoz the Gargoyle Berserker began the quest for the Orb.
     0 | D:1      | Reached XP level 1. HP: 14/14 MP: 1/1
    36 | D:1      | Reached XP level 2. HP: 3/19 MP: 2/2
   578 | D:1      | Reached XP level 3. HP: 23/23 MP: 3/3
   954 | D:1      | Reached ** piety under Trog
  1120 | D:2      | Reached XP level 4. HP: 16/29 MP: 4/4
  1633 | D:2      | Found a hazy altar of Hepliaklqana.
  1634 | D:2      | Found a shadowy altar of Dithmenos.
  1634 | D:2      | Noticed a shadow
  1999 | D:2      | Reached skill level 4 in Fighting
  2363 | D:3      | HP: 1/43 [orc wizard/magic dart (9)]
  2365 | D:3      | Reached XP level 5. HP: 1/33 MP: 5/5
  2365 | D:3      | Hit by a boomerang thrown by an orc

Illustrated notes

Levels and vault maps discovered:
D:1:      wander_arrival_fairy_ring, layout_basic
D:2:      minmay_wonky_spiral, layout_rooms,
          riverfiend_overflow_shadow_ancestor, hangedman_feature_mirror,
          minmay_goblin_kobold_house
D:3:      layout_rooms

Skill      XL: |  1  2  3  4 |
---------------+-------------+-----
Dodging        | 2 |  2.4
Armour         | 3 |  3.4
Fighting       | 4 |  4.1
Maces & Flails | |  3.8

Action                   |  1- 3 |  4- 6 || total
-------------------------+-------+-------++-------
Melee: Mace              |    73 |    92 ||   165
Invok: Berserk           |     2 |     2 ||     4
       Trog's Hand       |       |     1 ||     1
  Use: Scroll            |       |     7 ||     7
 Stab: Sleeping          |     1 |     1 ||     2
Armor: Animal skin       |    38 |    34 ||    72
Dodge: Dodged            |    65 |    79 ||   144
Block: Buckler           |       |     8 ||     8
